 Dungeon Crawl Stone Soup version 0.31-a0-986-g5e6e4ef867 (webtiles) character file.

Game seed: 5334640668369548496

176 Getoffmy the Chopper (level 5, -2/42 HPs)
             Began as a Demonspawn Berserker on Nov 6, 2023.
             Was a Priest of Trog.
             Splashed by a jelly's acid (10 damage)
             ... on level 4 of the Dungeon.
             The game lasted 00:05:48 (2773 turns).

Getoffmy the Chopper (Demonspawn Berserker)         Turns: 2773, Time: 00:05:49

Health: -2/42      AC:  0    Str: 20    XL:     5   Next: 30%
Magic:  5/5        EV: 11    Int:  8    God:    Trog [***...]
Gold:   152        SH:  0    Dex: 12    Spells: 4/4 levels left

rFire   . . .        a - +0 hand axe
rCold   . . .        (no shield)
rNeg    . . .        c - +0 ring mail
rPois   .            m - +1 helmet
rElec   .            (no cloak)
rCorr   .            (no gloves)
SInv    .            (no boots)
Will    .....        (no amulet)
Stlth   +            (no ring)
HPRegen 0.27/turn    (no ring)
MPRegen 0.09/turn

%: no passive effects
@: corroded
A: claws 1, spiny 1
a: Renounce Religion, Berserk, Trog's Hand


You were on level 4 of the Dungeon.
You worshipped Trog.
Trog was most pleased with you.
You visited 1 branch of the dungeon, and saw 4 of its levels.

You collected 152 gold pieces.

Inventory:

Hand Weapons
 a - a +0 hand axe (weapon)
Missiles
 b - 7 boomerangs
 f - 27 stones
Armour
 c - a +0 ring mail (worn)
 l - the +1 helmet "Plog" {rElec rF+ Str-2}
   (You found it on level 3 of the Dungeon)

   Str-2:     It affects your strength (-2).
   rF+:       It protects you from fire.
   rElec:     It insulates you from electricity.
 m - a +1 helmet (worn)
Scrolls
 e - a scroll of fear {unknown}
 g - 2 scrolls of teleportation {unknown}
 k - 2 scrolls of identify {unknown}
Potions
 d - a potion of curing {unknown}
 h - 2 potions of brilliance {unknown}
 i - a potion of enlightenment {unknown}
 j - 2 potions of mutation {unknown}
 n - a potion of invisibility {unknown}


   Skills:
 + Level 3.9 Fighting
 * Level 4.3 Axes
 + Level 2.9 Armour
 - Level 1.7 Dodging


You had 4 spell levels left.
You didn't know any spells.
Your spell library was empty.

Dungeon Overview and Level Annotations

Branches:
Dungeon (4/15)
 Temple: D:4-7

Altars:
Okawaru


Innate Abilities, Weirdness & Mutations

You have sharp fingernails.
You are partially covered in sharp spines.


Message History

No target in view!
No target in view!
No target in view!
You see here a ball python corpse.
Done exploring.
Done exploring.
Done exploring.
Done exploring.
You see here a ball python corpse.
There is an open door here.
There is a stone staircase leading down here.
Search for what [Enter for "."]?
You climb downwards.
The jelly quivers.
Found 15 gold pieces.
There is a stone staircase leading up here.
You hit the jelly. The acid corrodes you!
Your claws burn!
The jelly is moderately wounded.
The jelly hits you but does no damage.
You barely miss the jelly.
The jelly is moderately wounded.
The jelly misses you.
You hit the jelly but do no damage.
Your claws burn!
You claw the jelly, but do no damage.
The jelly is moderately wounded.
The jelly is struck by your spines. The jelly hits you.
You are splashed with acid!
You hit the jelly.
Your claws burn!
The jelly is severely wounded.
The jelly hits you. The acid corrodes you!
You are splashed with acid!
* * * LOW HITPOINT WARNING * * *
You are too injured to fight recklessly!
You are too injured to fight recklessly!
You hit the jelly but do no damage.
Your claws burn!
* * * LOW HITPOINT WARNING * * *
The jelly is severely wounded.
The jelly hits you.
* * * LOW HITPOINT WARNING * * *
You are splashed with acid!
You die...

#+##
#...##
##.....##
##.......#
#.........
+J........
#.@$......
##.......#
##.....##
#...##
#+##


You could see a jelly.

Vanquished Creatures
  Robin (D:3)
  3 gnolls (D:3)
  2 adders (D:2)
  3 worms
  6 orcs (D:3)
  11 ball pythons
  10 bats
  5 endoplasms
  3 giant cockroaches
  19 goblins
  8 hobgoblins
  5 jackals (D:1)
  3 quokkas
  6 frilled lizards
  3 kobolds
  6 rats
94 creatures vanquished.

Notes
Turn   | Place    | Note
-------+----------+-------------------------------------------
     0 | D:1      | Getoffmy the Demonspawn Berserker began the quest for the
                  | Orb.
     0 | D:1      | Reached XP level 1. HP: 18/18 MP: 1/1
   206 | D:1      | Reached skill level 3 in Axes
   214 | D:1      | Gained mutation: You are partially covered in sharp spines.
                  | [demonic ancestry]
   214 | D:1      | Reached XP level 2. HP: 19/24 MP: 2/2
   298 | D:1      | Reached ** piety under Trog
   548 | D:1      | Reached XP level 3. HP: 29/29 MP: 3/3
  1322 | D:2      | Gained mutation: You have sharp fingernails. [demonic
                  | ancestry]
  1322 | D:2      | Reached XP level 4. HP: 35/35 MP: 4/4
  1705 | D:3      | Identified the +1 helmet "Plog" {rElec rF+ Str-2}
  1740 | D:3      | Found a faded altar of an unknown god.
  1911 | D:3      | Noticed Robin
  1924 | D:3      | Reached *** piety under Trog
  1925 | D:3      | Reached skill level 4 in Axes
  1939 | D:3      | Killed Robin
  1943 | D:3      | Reached XP level 5. HP: 16/42 MP: 5/5
  2109 | D:3      | Found an iron altar of Okawaru.
  2773 | D:4      | Splashed by a jelly's acid

Illustrated notes

Levels and vault maps discovered:
D:1:      shiori_arrival_maze, layout_basic, nicolae_hexahallways,
          minmay_shallow_snake_nest
D:2:      layout_basic, minmay_misc_feat_four_crosses
D:3:      layout_basic, mainiacjoe_overflow_24_doors, basic_ecumenical_altar,
          serial_curves, eino_curves_01, eino_curves_01, serial_bayou_pond_c,
          grunt_decor_fettered, uniq_robin
D:4:      layout_loops_corners, biasface_ghost_orc_armoury,
          kennysheep_generic_room_6, uniq_blork_the_orc, uniq_pikel

Skill      XL: |  1  2  3  4 |
---------------+-------------+-----
Axes           | 3 4 |  4.3
Armour         | 2 |  2.9
Fighting       | |  3.9
Dodging        | |  1.7

Action                     |  1- 3 |  4- 6 || total
---------------------------+-------+-------++-------
  Melee: Hand axe          |   101 |    90 ||   191
         Punch             |     1 |     1 ||     2
 Invoke: Berserk           |       |     1 ||     1
 Armour: Ring mail         |    54 |    56 ||   110
  Dodge: Dodged            |    58 |    39 ||    97

Table legend: (Time is in decaauts)
 A = Elapsed time spent in this place.
 B = Non-inter-level travel time spent in this place.
 C = Inter-level travel time spent in this place.
 D = Time resting spent in this place.
 E = Time spent auto-exploring this place.
 F = Levels seen in this place.
 G = Mean time per level.
                   A        B        C        D        E       F      G
               +--------+--------+--------+--------+--------+-----+--------+
         Total |   2814 |   2684 |    130 |    118 |   2073 |   4 |  703.5 |
       Dungeon |   2814 |   2684 |    130 |    118 |   2073 |   4 |  703.5 |
               +--------+--------+--------+--------+--------+-----+--------+

Top non-repeatable levels by time:
     D:1: 1107 daAuts
     D:3: 1096 daAuts
     D:2: 605 daAuts
     D:4: 5 daAuts
